 Dungeon Crawl Stone Soup version 0.26-a0-812-g31a745ddcd (webtiles) character file.

Game seed: 14587874933162085776

137 raph the Cutter (level 5, -5/35 HPs)
             Began as a Halfling Berserker on Nov 25, 2020.
             Was a Believer of Trog.
             Killed by nerve-wracking pain
             ... invoked by Grinder
              (11 damage)
             ... on level 3 of the Dungeon.
             The game lasted 00:04:22 (2053 turns).

raph the Cutter (Halfling Berserker)                Turns: 2053, Time: 00:04:22

Health: -5/35      AC:  9    Str: 18    XL:     5   Next: 43%
Magic:  5/5        EV:  9    Int:  5    God:    Trog [**....]
Gold:   123        SH:  0    Dex: 15    Spells: 4/4 levels left

rFire    + + .     SeeInvis .   a - +0 short sword
rCold    + . .     Faith    .   (shield restricted)
rNeg     . . .     Spirit   .   A - +0 scale mail
rPois    +         Reflect  .   (no helmet)
rElec    +         Harm     .   v - +0 cloak
rCorr    +         Rampage  .   q - +1 pair of gloves
MR       .....                  (no boots)
Stlth    ..........             (no amulet)
HPRegen  0.11/turn              g - ring of protection from fire
MPRegen  0.09/turn              w - -4 ring of evasion (curse)

@: resistant, berserk cooldown, flying, slowed, very slow
A: small, mutation resistance 1
a: Berserk, Trog's Hand, Renounce Religion


You were on level 3 of the Dungeon.
You worshipped Trog.
Trog was pleased with you.
You visited 1 branch of the dungeon, and saw 3 of its levels.

You collected 123 gold pieces.

Inventory:

Hand Weapons
 a - a +0 short sword (weapon)
 b - a +0 hunting sling
Missiles
 j - 94 stones
 x - 20 poisoned darts (quivered)
Armour
 d - a +0 leather armour
 e - a +0 kite shield
 o - a +0 ring mail
 q - a +1 pair of gloves (worn)
 v - a +0 cloak (worn)
 A - a +0 scale mail (worn)
Jewellery
 g - a ring of protection from fire (left hand)
 w - a cursed -4 ring of evasion (right hand)
 y - an uncursed ring of resist corrosion {unknown}
Wands
 t - a wand of random effects (14)
 u - a wand of flame (16)
Scrolls
 c - a scroll of enchant weapon {unknown}
 f - 5 scrolls of identify {unknown}
 h - a scroll of enchant armour {unknown}
 m - a scroll of immolation {unknown}
 n - 2 scrolls of remove curse {unknown}
 p - a scroll of blinking {unknown}
 r - 2 scrolls of teleportation {unknown}
Potions
 s - 3 potions of might {unknown}
 z - a potion of lignification {unknown}
 B - a potion of mutation {unknown}


   Skills:
 - Level 2.6 Fighting
 * Level 6.9 Short Blades
 - Level 2.1 Armour
 - Level 2.1 Dodging


You had 4 spell levels left.
You didn't know any spells.
Your spell library was empty.

Dungeon Overview and Level Annotations

Branches:
Dungeon (3/15)

Altars:
Okawaru

Annotations:
D:3 Grinder


Innate Abilities, Weirdness & Mutations

You are small and have problems with some larger weapons.
You are somewhat resistant to further mutation.


Message History

Grinder hits you but does no damage. The adder bites you but does no damage.
Grinder closely misses you. Grinder hits you.
* * * LOW HITPOINT WARNING * * *
The adder bites you but does no damage. The adder misses you. Grinder hits you.
* * * LOW HITPOINT WARNING * * *
You writhe in agony.
* * * LOW HITPOINT WARNING * * *
It was a potion of resistance.
You feel protected. Grinder hits you but does no damage.
It was a potion of flight.
You feel very buoyant.
You fly up into the air.
Grinder hits you but does no damage. x2
A leopard gecko comes into view.
The leopard gecko hisses angrily.
Grinder gestures at you. Pain shoots through your body!
You die...

......#.........# #..
##...#.........# #...
##....#...##..... #..l
#.....#...##..... ...#
#.....)..........
###..##.....#####......
......................
#######.(.#.....[†........
#........@###.##.)....#.##
#.........# #.##......#.#
#......#5## #.##......#.#
#......#S####+##......#.#
#........##...........#
#........##...........#
#.........#.............
#.........#.............
#.........#.............


You could see Grinder, an adder and a leopard gecko.

Vanquished Creatures
  Crazy Yiuf (D:2)
  Jessica (D:3)
  Terence (D:3)
  2 adders (D:2)
  2 dart slugs
  A leopard gecko (D:2)
  4 goblins
  3 hobgoblins
  3 jackals (D:1)
  6 kobolds
  2 quokkas (D:2)
  4 bats (D:2)
  A frilled lizard (D:3)
  4 rats
35 creatures vanquished.

Notes
Turn   | Place    | Note
-------+----------+-------------------------------------------
     0 | D:1      | raph the Halfling Berserker began the quest for the Orb.
     0 | D:1      | Reached XP level 1. HP: 15/15 MP: 1/1
   156 | D:1      | Reached skill level 4 in Short Blades
   290 | D:1      | Reached XP level 2. HP: 20/20 MP: 2/2
   799 | D:2      | Reached XP level 3. HP: 25/25 MP: 3/3
   803 | D:2      | Reached skill level 5 in Short Blades
   964 | D:2      | Found an iron altar of Okawaru.
  1184 | D:2      | Found a runed translucent door.
  1185 | D:2      | Noticed Crazy Yiuf
  1194 | D:2      | Killed Crazy Yiuf
  1194 | D:2      | Reached skill level 6 in Short Blades
  1194 | D:2      | Reached XP level 4. HP: 14/30 MP: 4/4
  1886 | D:3      | Noticed Terence
  1896 | D:3      | Killed Terence
  1896 | D:3      | Reached XP level 5. HP: 35/35 MP: 5/5
  1928 | D:3      | Noticed Jessica
  1944 | D:3      | Killed Jessica
  1944 | D:3      | Reached ** piety under Trog
  2024 | D:3      | Noticed Grinder
  2037 | D:3      | Paralysed by Grinder for 3 turns
  2053 | D:3      | Killed from afar by Grinder

Illustrated notes

Levels and vault maps discovered:
D:1:      lightli_arrival_farm, layout_basic
D:2:      layout_loops_ring, okawaru_gym_becter, minmay_hexomino_c4,
          uniq_crazy_yiuf_cottage
D:3:      layout_basic, uniq_grinder, uniq_jessica, uniq_terence

Skill      XL: |  1  2  3 |
---------------+----------+-----
Short Blades   | 4 6 |  6.9
Fighting       | |  2.6
Armour         | |  2.1
Dodging        | |  2.1

Action                   |  1- 3 |  4- 6 || total
-------------------------+-------+-------++-------
Melee: Short sword       |    84 |    51 ||   135
Throw: Dart              |       |     2 ||     2
Invok: Berserk           |     2 |     3 ||     5
       Trog's Hand       |       |     1 ||     1
  Use: Potion            |       |     3 ||     3
Armor: Leather armour    |     7 |       ||     7
       Ring mail         |    13 |    15 ||    28
       Scale mail        |       |    17 ||    17
Dodge: Dodged            |    58 |    29 ||    87

Table legend: (Time is in decaauts)
 A = Elapsed time spent in this place.
 B = Non-inter-level travel time spent in this place.
 C = Inter-level travel time spent in this place.
 D = Time resting spent in this place.
 E = Time spent auto-exploring this place.
 F = Levels seen in this place.
 G = Mean time per level.
                   A        B        C        D        E       F      G
               +--------+--------+--------+--------+--------+-----+--------+
         Total |   2093 |   2004 |     89 |    484 |   1039 |   3 |  697.7 |
       Dungeon |   2093 |   2004 |     89 |    484 |   1039 |   3 |  697.7 |
               +--------+--------+--------+--------+--------+-----+--------+

Top non-repeatable levels by time:
     D:2: 1040 daAuts
     D:1: 816 daAuts
     D:3: 236 daAuts
